 Dungeon Crawl Stone Soup version 0.22.1-1-ga44c0e5 (webtiles) character file.

406479 Irenicus the Metallomancer (level 22, -21/164 HPs)
             Began as a Deep Dwarf Earth Elementalist on Oct 1, 2018.
             Was the Champion of Makhleb.
             Killed from afar by an ancient lich (48 damage)
             ... with a crystal spear
             ... on level 5 of the Vaults on Oct 3, 2018.
             The game lasted 08:14:59 (30183 turns).

Irenicus the Metallomancer (DDEE)                  Turns: 30183, Time: 08:15:00

Health: -21/164    AC: 14    Str: 12    XL:     22   Next: 38%
Magic:  10/42      EV: 19    Int: 34    God:    Makhleb [******]
Gold:   1126       SH: 15    Dex: 17    Spells: 12/53 levels left

rFire    + + .     SeeInvis .   w - +5 quick blade (pain)
rCold    + + .     Gourm    .   H - +2 shield of Resistance {rF+ rC+ MR+}
rNeg     + + .     Faith    .   W - +3 leather armour {rF+}
rPois    +         Spirit   .   l - +2 helmet {Int+3}
rElec    .         Reflect  .   h - +0 cloak of Darkness {rPois rN+ rCorr Stlth-}
rCorr    +         Harm     .   m - +0 pair of gloves of the Imp {rC+ Slay+3}
MR       +++++                  N - +2 pair of boots "Pojecimp" {Dex+4}
Stlth    +++.......             K - amulet of magic regeneration
HPRegen  0.00/turn              X - ring of wizardry {Wiz+, !d}
MPRegen  0.53/turn              U - ring of the Mage {Wiz MR++ Int+3}

@: non-regenerating
A: damage resistance, heal wounds, clever 1, frail 1, mutation resistance 1,
negative energy resistance 1, sense surroundings 3, wild magic 1, no
regeneration
}: 2/15 runes: serpentine, barnacled
a: Heal Wounds, Minor Destruction, Lesser Servant of Makhleb, Major Destruction,
Greater Servant of Makhleb, Renounce Religion


You were on level 5 of the Vaults.
You worshipped Makhleb.
Makhleb was exalted by your worship.
You were hungry.

You visited 8 branches of the dungeon, and saw 39 of its levels.
You also visited: Bailey, Ice Cave, Volcano, Wizlab and Desolation.

You collected 3716 gold pieces.
You spent 2590 gold pieces at shops.

Inventory:

Hand Weapons
 w - a +5 quick blade of pain (weapon)
   (You subdued it on level 2 of the Elven Halls)
Missiles
 b - 387 stones (quivered)
Armour
 h - the +0 cloak of Darkness (worn) {rPois rN+ rCorr Stlth-}
   (You bought it in a shop on level 3 of the Elven Halls)

   It protects you from poison.
   It protects you from negative energy.
   It provides partial protection from all sources of acid and corrosion.
   It makes you less stealthy.
 l - a +2 helmet of intelligence (worn)
   (You bought it in a shop on level 1 of the Snake Pit)
 m - the +0 pair of gloves of the Imp (worn) {rC+ Slay+3}
   (You found it on level 3 of the Elven Halls)

   It affects your accuracy and damage with ranged weapons and melee attacks
   (+3).
   It protects you from cold.
 H - the +2 shield of Resistance (worn) {rF+ rC+ MR+}
   (You bought it in a shop on level 2 of the Orcish Mines)

   It protects you from fire.
   It protects you from cold.
   It affects your resistance to hostile enchantments.
 N - the +2 pair of boots "Pojecimp" (worn) {Dex+4}
   (You found it in an ice cave)

   It affects your dexterity (+4).
 P - the +1 cloak of Indemnity {rC+ Str+3 Dex+4}
   (You found it in a wizard's laboratory)

   It affects your strength (+3).
   It affects your dexterity (+4).
   It protects you from cold.
 W - a +3 leather armour of fire resistance (worn)
   (You found it in a volcano)
Magical Staves
 s - an uncursed staff of power {MP+17, !a}
   (You took it off a naga mage on level 3 of the Snake Pit)
 V - an uncursed staff of energy {@w1+MP, hungerless spells, !d!a}
   (You found it on level 7 of the Dungeon)
Jewellery
 g - an uncursed ring of resist corrosion
   (You found it in a wizard's laboratory)
 n - an uncursed ring of flight {+Fly, !d}
   (You took it off a wizard in a wizard's laboratory)
 q - an uncursed ring of positive energy {rN+}
   (You found it on level 12 of the Dungeon)
 G - an uncursed ring of see invisible {sInv, !d}
   (You found it on level 3 of the Dungeon)
 J - an uncursed ring of protection from cold {rC+, !d}
   (You found it on level 2 of the Shoals)
 K - an amulet of magic regeneration (around neck)
   (You found it on level 3 of the Lair of Beasts)
 U - the ring of the Mage (right hand) {Wiz MR++ Int+3}
   (You found it on level 2 of the Lair of Beasts)

   [ring of wizardry]

   It improves your spell success rate.
   It affects your intelligence (+3).
   It affects your resistance to hostile enchantments.
 X - a ring of wizardry (left hand) {Wiz+, !d}
   (You found it in a volcano)
Wands
 c - a wand of acid (11)
   (You found it on level 4 of the Dungeon)
 i - a wand of paralysis (19)
   (You found it on level 3 of the Elven Halls)
 r - a wand of scattershot (5)
   (You found it in an ice cave)
 t - a wand of enslavement (7)
   (You found it on level 3 of the Shoals)
 v - a wand of iceblast (16)
   (You took it off an orc priest on level 8 of the Dungeon)
 I - a wand of digging (92)
   (You took it off an orc on level 8 of the Dungeon)
 Y - a wand of clouds (3)
   (You took it off a naga sharpshooter on level 2 of the Snake Pit)
Scrolls
 p - 2 scrolls of teleportation
 u - 8 scrolls of remove curse
 z - a scroll of blinking {!r}
 A - a scroll of magic mapping {!r}
 B - 2 scrolls of holy word {!r}
 Q - 4 scrolls of identify
 T - 6 scrolls of fog
 Z - 3 scrolls of immolation {!r}
Potions
 a - 19 potions of curing
 e - 4 potions of might
 j - 5 potions of haste
 k - a potion of ambrosia
 o - 2 potions of resistance
 x - 3 potions of agility
 C - 3 potions of invisibility
 D - 4 potions of cancellation
 E - 3 potions of heal wounds
 F - 6 potions of brilliance
 M - a potion of lignification {!q}
 S - 3 potions of magic
Miscellaneous
 f - a fan of gales (inert)
   (You found it in the Desolation of Salt)
 y - a lightning rod (1/4)
   (You found it on level 4 of the Shoals)
 L - 2 phantom mirrors
 O - a lamp of fire (inert)
   (You found it on level 4 of the Lair of Beasts)
Comestibles
 d - 41 rations


   Skills:
 - Level 8.2 Fighting
 - Level 3.3 Short Blades
   Level 3.1 Slings
 - Level 3.0 Armour
 - Level 10.0 Dodging
 - Level 10.1 Stealth
 - Level 15.4 Shields
 - Level 16.1 Spellcasting
 - Level 6.1 Conjurations
 * Level 11.8 Necromancy
 - Level 2.0 Translocations
 - Level 15.3 Transmutations
 + Level 25.1 Earth Magic
 - Level 10.0 Invocations
 - Level 10.2 Evocations


You had 12 spell levels left.
You knew the following spells:

 Your Spells              Type           Power        Failure   Level  Hunger
a - Sandblast             Erth           ######       1%          1    None
b - Passwall              Tmut/Erth      ########     1%          2    None
c - Stone Arrow           Conj/Erth      ######       1%          3    None
d - Petrify               Tmut/Erth      ########     1%          4    None
e - Apportation           Tloc           ######       1%          1    None
f - Statue Form           Tmut/Erth      ########.    1%          6    #......
g - Shatter               Erth           ########..   2%          9    #######
h - Conjure Flame         Conj/Fire      ######..     1%          3    None
i - Borgnjor's Vile Clut  Necr/Erth      ########..   1%          5    None
t - Blink                 Tloc           N/A          1%          2    None
z - Lee's Rapid Deconstr  Erth           ########..   1%          5    None

Your spell library contained the following spells:

 Spells                   Type           Power        Failure   Level  Hunger
 Freeze                   Ice            ####         1%          1    None
 Infusion                 Chrm           ####         1%          1    None
 Magic Dart               Conj           ####         1%          1    None
 Shock                    Conj/Air       ####         1%          1    None
 Sting                    Conj/Pois      ####         1%          1    None
 Summon Butterflies       Summ           #####...     1%          1    None
 Call Imp                 Summ           #####...     1%          2    None
 Corpse Rot               Necr           N/A          1%          2    None
 Ensorcelled Hibernation  Hex/Ice        #####.       1%          2    None
 Poisonous Vapours        Pois/Air       #####.       1%          2    None
 Shroud of Golubria       Chrm/Tloc      #####.....   1%          2    None
 Slow                     Hex            #####...     1%          2    None
 Song of Slaying          Chrm           #####...     1%          2    None
 Swiftness                Chrm/Air       #####...     1%          2    None
 Throw Frost              Conj/Ice       ######       1%          2    None
 Gell's Gravitas          Tloc           ######....   1%          3    None
 Ignite Poison            Fire/Tmut/Pois ######..     1%          3    None
 Lesser Beckoning         Tloc           ######....   1%          3    None
 Mephitic Cloud           Conj/Pois/Air  ######..     1%          3    None
 Portal Projectile        Hex/Tloc       #####.       1%          3    None
 Recall                   Summ/Tloc      N/A          1%          3    None
 Static Discharge         Conj/Air       ######..     1%          3    None
 Teleport Other           Tloc           ######..     1%          3    None
 Animate Dead             Necr           N/A          1%          4    None
 Force Lance              Conj/Tloc      ######..     1%          4    None
 Leda's Liquefaction      Hex/Erth       #######...   1%          4    None
 Alistair's Intoxication  Tmut/Pois      #######.     1%          5    None
 Irradiate                Conj/Tmut      #######...   1%          5    None
 Death Channel            Necr           #######...   1%          6    #......
 Hydra Form               Tmut           ########..   1%          6    #......
 Dragon Form              Tmut           ########..   1%          7    ####...
 Call Canine Familiar     Summ           #####...     2%          3    None
 Ozocubu's Armour         Chrm/Ice       #####...     2%          3    None
 Spectral Weapon          Hex/Chrm       #####...     2%          3    None
 Tukima's Dance           Hex            #####...     2%          3    None
 Throw Icicle             Conj/Ice       ######..     2%          4    None
 Passage of Golubria      Tloc           N/A          3%          4    None
 Fireball                 Conj/Fire      ######....   5%          5    None
 Lightning Bolt           Conj/Air       ######....   5%          5    None
 Venom Bolt               Conj/Pois      ######....   5%          5    None
 Airstrike                Air            #####.....   7%          4    None
 Cause Fear               Hex            #####.....   7%          4    None
 Olgreb's Toxic Radiance  Pois           #####...     7%          4    None
 Summon Ice Beast         Ice/Summ       #####...     7%          4    None
 Summon Lightning Spire   Summ/Air       #####...     7%          4    None
 Lehudib's Crystal Spear  Conj/Erth      ########..   8%          8    ######.
 Simulacrum               Ice/Necr       ######....   9%          6    #......
 Summon Forest            Summ/Tloc      #####.....   12%         5    None
 Aura of Abjuration       Summ           #####.....   17%         5    None
 Silence                  Hex/Air        #####.....   17%         5    None
 Bolt of Fire             Conj/Fire      ######....   24%         6    #......
 Conjure Ball Lightning   Conj/Air       ######....   24%         6    #......
 Poison Arrow             Conj/Pois      ######....   24%         6    #......
 Dispersal                Tloc           ######....   34%         6    #......
 Freezing Cloud           Conj/Ice/Air   ######....   36%         6    #......
 Darkness                 Hex            #####.....   58%         6    #......
 Deflect Missiles         Chrm/Air       #####.....   58%         6    #......
 Invisibility             Hex            #####...     58%         6    #......
 Ozocubu's Refrigeration  Ice            #####.....   58%         6    #......
 Shadow Creatures         Summ           N/A          58%         6    #......
 Malign Gateway           Summ/Tloc      #####.....   94%         7    ####...
 Ring of Flames           Chrm/Fire      #####.....   98%         7    ####...
 Summon Hydra             Summ           #####.....   98%         7    ####...
 Chain Lightning          Conj/Air       ######....   100%        8    ######.
 Controlled Blink         Tloc           N/A          100%        8    ######.
 Disjunction              Tloc           ######....   100%        8    ######.
 Ignition                 Fire           #####.....   100%        8    ######.
 Fire Storm               Conj/Fire      ######....   100%        9    #######
 Glaciate                 Conj/Ice       ######....   100%        9    #######
 Tornado                  Air            #####.....   100%        9    #######
 Regeneration             Chrm/Necr      Unusable     N/A         3    N/A

Dungeon Overview and Level Annotations

Branches:
Dungeon (14/15)            Temple (1/1) D:5            Lair (6/6) D:11
 Shoals (4/4) Lair:4        Snake (4/4) Lair:4        Slime (0/5) Lair:6
    Orc (2/2) D:9             Elf (3/3) Orc:2        Vaults (5/5) D:14
  Crypt: Vaults:2-3

Altars:
Ashenzari
Cheibriados
Dithmenos
Elyvilon
Fedhas
Gozag
Hepliaklqana
Kikubaaqudgha
Makhleb
Nemelex Xobeh
Okawaru
Qazlal
Ru
Sif Muna
Trog
Uskayaw
Vehumet
Wu Jian
Xom
Yredelemnul
Zin
The Shining One
Beogh
Jiyva

Shops:
D:10 ?   D:12 ([   Orc:2 [![%   Elf:1 }(!   Elf:3 [?=[   Snake:1 [(*
Vaults:2 }*[

Portals:
Bazaar: Elf:3

Annotations:
D:9 exclusion: downstairs
D:13 1 transporter, ThePrince's ghost, journeyman GnMo
Lair:6 1 runed door, exclusion: 2 azure jellies
Elf:3 Merlin's ghost, adept GrFi


Innate Abilities, Weirdness & Mutations

You are resistant to damage.
You can heal yourself by infusing magical energy.
You resist negative energy. (rN+)
You passively map a large area around you.
You do not regenerate.
Your mind is acute. (Int +2)
You are frail. (-10% HP)
You are somewhat resistant to further mutation.
Your spells are a little harder to cast, but a little more powerful.


Message History

You regained 26 hp, and now have 75/164 hp.
You now have 6/42 mp.
Nothing appears to happen.
Nothing appears to happen.
You channel some magical energy.
You feel slightly more hungry.
Nothing appears to happen.
A vault warden comes into view.
It is wielding a dire flail of protection.
A heavily etched metal wall.
The metal wall shatters!
The blast of metal fragments hits the vault warden.
You hear a shout!
The vault warden throws a stone.
You block the stone.
You now have 5/42 mp.
Aim: a vault warden, wielding a dire flail of protection and wearing a chain The vault warden is moving more slowly.
A frost giant comes into view. It is wielding a battleaxe of freezing.
You now have 1/42 mp.
Okay, then.
Nothing appears to happen.
A vault warden comes into view. It is wielding a battleaxe.
A stone giant, an ancient lich and a tengu reaver come into view.
The vault warden misses you.
You don't have enough magic to cast that spell.
You channel some magical energy.
You feel slightly more hungry.
The vault warden stops moving altogether!
The frost giant hits you with a battleaxe of freezing!!
* * * LOW HITPOINT WARNING * * *
The frost giant freezes you.
You take 29 damage, and have 46/164 hp.
You regained 3 mp, and now have 6/42 mp.
Wield which item (- for none, * to show all)? (? for menu, Esc to quit)
A searing pain shoots up your arm!
w - a +5 quick blade of pain (weapon)
The ancient lich gestures wildly while chanting.
The ancient lich seems to speed up.
The helpless vault warden fails to defend itself.
You skewer the vault warden like a kebab!!!
The vault warden writhes in agony.
The helpless vault warden fails to defend itself.
You stick the vault warden like a pincushion!!!
The vault warden writhes in agony.
The frost giant gestures at you while chanting.
The bolt of cold hits you! You resist.
* * * LOW HITPOINT WARNING * * *
You hear a shout!
You take 12 damage, and have 34/164 hp.
The helpless vault warden fails to defend itself.
You perforate the vault warden like a sieve!!!
You kill the vault warden!
Makhleb accepts your kill.
You feel better.
You regained 19 hp, and now have 53/164 hp.
Okay, then.
Aim: a frost giant, wielding a battleaxe of freezing
Okay, then.
A titan comes into view.
Aim: a frost giant, wielding a battleaxe of freezing
Okay, then.
Aim: a frost giant, wielding a battleaxe of freezing You create a blast of poison gas!
The frost giant is engulfed in poison gas.
The frost giant is poisoned.
The frost giant casts a spell at you. The bolt of cold hits you! You resist.
The vault warden is engulfed in poison gas.
The vault warden is poisoned.
The stone giant is engulfed in poison gas.
The stone giant is poisoned.
You take 1 damage, and have 52/164 hp.
Okay, then.
Wield which item (- for none, * to show all)? (? for menu, Esc to quit)
Okay, then.
Aim: a frost giant, wielding a battleaxe of freezing (poison gas, lightly
Okay, then.
Aim: a vault warden, wielding a battleaxe and wearing a plate armour (lightly
Okay, then.
The vault warden unwields an uncursed battleaxe.
The vault warden wields an arbalest.
The vault warden shoots a bolt.
The bolt hits you!!
* * * LOW HITPOINT WARNING * * *
The stone giant is engulfed in poison gas.
The stone giant looks even sicker.
You hear a shout!
You see here a bolt.
You take 25 damage, and have 27/164 hp.
Okay, then.
Here: a titan The floor.
As you read the scroll of fog, it crumbles to dust.
The scroll dissolves into smoke.
The frost giant is engulfed in poison gas.
The frost giant looks even sicker.
The frost giant gestures at you while chanting.
The bolt of cold hits the ancient lich.
The ancient lich resists.
The bolt of cold hits you!
The stone giant is engulfed in poison gas.
The stone giant looks even sicker.
The ancient lich gestures at you while chanting.
The crystal spear hits you!
You die...

,,, ** * , ,, ,
##, ** ,* , ,,
, ,, , , .# .*
* * *..##. *,
...? ,.... , **
#../ ,, #..# ,*
#..? ##...# * ,
#...,, #§§.#* *
* ... ##@§# , ,
..###.###L§§#,,
**
*...§§QC§C§§##,
* ,
#..§§§C§p§##,,,
,* ,,
#####.##### , ,
,, ,, ... ,, ,,
, ...., , , **
, , * *#####**
* * *, , , , ,
,


You could see an ancient lich and a stone giant.

Vanquished Creatures
  Saint Roka (Elf:3)
  A tentacled monstrosity (WizLab)
  Rupert (Lair:5)
  A deep elf blademaster (Elf:3)
  2 deep elf master archers (Elf:3)
  Asterion (Snake:4)
  An eldritch tentacle (WizLab)
  A sphinx (Vaults:5)
  A tentacled starspawn (WizLab)
  Frances (Snake:2)
  A tengu reaver (Vaults:5)
  A fire giant (Vaults:5)
  9 nagarajas
  The ghost of MalarOregon the Protected, a journeyman MiFi of Qazlal (Snake:3)
  An orc warlord (Orc:2)
  3 frost giants
  4 vault wardens
  9 deep elf sorcerers
  An imperial myrmidon (Desolation)
  4 deep elf elementalists
  A ghoul (Vaults:5)
  3 ironheart preservers (Vaults:2)
  2 very ugly things (Vaults:5)
  4 deep elf demonologists
  An entropy weaver (Vaults:2)
  3 stone giants
  12 deep elf annihilators
  A minotaur (Vaults:1)
  Azrael (D:13)
  A red draconian (Volcano)
  Nessos (D:13)
  A halazid warlock (Desolation)
  A dire elephant (Lair:6)
  The ghost of Irenicus the Severer, a journeyman DDMo of Makhleb (Elf:1)
  3 ettins
  3 deep elf death magi
  8 merfolk impalers
  3 merfolk javelineers
  Josephine (D:12)
  2 crystal guardians (Desolation)
  7 ragged hierophants (Desolation)
  2 yaktaur captains (Vaults:2)
  2 great orbs of eyes
  A great orb of eyes (shapeshifter) (Vaults:5)
  11 ogre magi
  9 deep elf high priests
  10 peacekeepers (Desolation)
  24 naga warriors
  12 servants of whispers
  27 vault guards
  A rakshasa (Vaults:1)
  9 hydras
  Harold (D:9)
  4 merfolk avatars
  A catoblepas (Lair:6)
  2 alligator snapping turtles
  4 centaur warriors
  4 death knights
  An anaconda (shapeshifter) (Vaults:2)
  44 two-headed ogres
  25 dancing weapons
  4 merfolk aquamancers (Shoals:4)
  A deep troll shaman (Lair:6)
  6 anacondas
  7 death yaks
  3 tengu warriors
  20 naga sharpshooters
  2 thrashing horrors (WizLab)
  4 orc high priests (Orc:2)
  A small abomination (Elf:3)
  A sun demon (WizLab)
  16 deep elf knights
  Nergalle (D:11)
  7 shock serpents
  2 salamander mystics
  4 skeletal warriors
  2 unseen horrors
  12 sea snakes
  A flayed ghost (Vaults:4)
  2 glowing orange brains
  5 wizards
  An unseen horror (shapeshifter) (Vaults:1)
  9 naga ritualists
  A deep troll (Vaults:5)
  An obsidian statue (WizLab)
  15 deep elf archers
  A deep troll (shapeshifter) (Vaults:5)
  14 orc knights
  9 ironbrand convokers
  A lindwurm (Lair:6)
  14 harpies
  3 phantasmal warriors
  An anaconda skeleton (WizLab)
  9 mana vipers
  An oklob plant (Shoals:4)
  55 deep elf magi
  10 fauns
  A faun (shapeshifter) (Vaults:5)
  3 wolf spiders
  11 manticores
  5 orc sorcerers
  12 cyclopes
  9 elephants (Lair:6)
  A worldbinder (WizLab)
  13 ugly things
  8 salamanders
  A human skeleton (WizLab)
  An ice statue (IceCv)
  7 water nymphs
  9 merfolk sirens
  An elephant (shapeshifter) (Vaults:5)
  5 vault sentinels
  39 black mambas
  17 naga magi
  2 molten gargoyles (Desolation)
  Maurice (D:12)
  14 guardian serpents
  An apocalypse crab (WizLab)
  Joseph (D:7)
  2 gargoyles
  19 spiny frogs
  4 rime drakes
  9 yaktaurs
  A kobold demonologist (D:14)
  6 freezing wraiths
  7 komodo dragons
  2 ice devils (D:11)
  A demonic crawler (WizLab)
  9 trolls
  A red devil (WizLab)
  A hellwing (WizLab)
  A polar bear (shapeshifter) (D:11)
  3 meliai (D:14)
  2 tengu conjurers
  A merfolk (shapeshifter) (D:11)
  A meliai (shapeshifter) (Vaults:1)
  6 wind drakes
  12 polar bears
  33 merfolk
  79 saltlings
  5 dream sheep
  5 slime creatures
  A hornet (Vaults:2)
  13 blink frogs
  25 hippogriffs
  11 snapping turtles
  A raiju (WizLab)
  14 water elementals
  3 air elementals
  A ynoxinul (WizLab)
  64 yaks
  3 wyverns
  A shadow (D:14)
  9 wraiths
  4 hogs (D:11)
  A human (D:11)
  5 fire elementals
  2 hungry ghosts
  Eustachio (D:6)
  2 basilisks
  A steam dragon (Lair:4)
  A neqoxec (D:13)
  5 spatial vortices (WizLab)
  2 insubstantial wisps (WizLab)
  5 wargs
  72 nagas
  5 vampire mosquitoes
  A soldier ant (D:11)
  Duvessa (D:5)
  2 acid dragons
  3 porcupines
  3 hell hounds (D:13)
  11 water moccasins
  4 sky beasts
  3 black bears
  A meliai simulacrum (D:14)
  58 orc warriors
  8 ice beasts
  An eye of draining (D:12)
  49 ogres
  A phantom (D:10)
  32 wolves
  A boggart (WizLab)
  15 centaurs
  8 crocodiles
  5 big kobolds
  19 bullfrogs
  4 earth elementals (Elf:2)
  Dowan (D:5)
  3 scorpions
  7 wights
  7 killer bees
  A howler monkey (D:6)
  5 electric eels
  2 centaur zombies
  9 crimson imps
  A bullfrog zombie (D:11)
  2 jellies
  11 centaur skeletons
  4 quasits (D:13)
  35 orc priests
  10 hounds
  An iron imp (WizLab)
  30 orc wizards
  Ijyb (D:4)
  Natasha (twice) (D:2)
  2 iguanas
  13 worker ants
  A killer bee zombie (D:10)
  3 hound zombies
  3 hound skeletons
  2 worker ant zombies
  A howler monkey skeleton (D:11)
  12 gnolls
  7 adders
  4 shadow imps
  An ufetubus (WizLab)
  3 oozes
  An adder zombie (D:7)
  A worm (D:3)
  A dart slug (D:1)
  7 leopard geckos
  118 orcs
  4 ball pythons
  8 giant cockroaches
  11 goblins
  8 hobgoblins
  2 jackals (D:2)
  3 quokkas
  10 bats
  4 frilled lizards
  17 kobolds
  5 rats
  A crawling corpse (Vaults:5)
  A fungus (Lair:6)
  A lurking horror (WizLab)
1786 creatures vanquished.

Vanquished Creatures (collateral kills)
  The ghost of Exporg the Peltast, an adept MiBe of Trog (Vaults:1)
  A shadow dragon (Vaults:5)
  A nagaraja (Snake:4)
  Ilsuiw (Shoals:2)
  A deep elf death mage (Vaults:5)
  A merfolk javelineer (Shoals:4)
  A merfolk impaler (Shoals:4)
  A naga warrior (Snake:4)
  A death yak (Lair:6)
  A sea snake (Shoals:2)
  A small abomination (Vaults:5)
  A deep elf mage (Elf:1)
  A wolf spider (Vaults:5)
  2 black mambas (Snake:4)
  A spiny frog (Lair:5)
  A freezing wraith (Vaults:5)
  2 merfolk
  A saltling (Desolation)
  3 dream sheep (Shoals:2)
  2 redbacks (Vaults:5)
  A water elemental (Shoals:4)
  4 nagas (Snake:4)
  A centaur (Shoals:2)
  An orc wizard (Vaults:5)
  A plant (Shoals:2)
33 creatures vanquished.

Vanquished Creatures (others)
  An anaconda (Snake:2)
  4 deep elf knights
  2 ironbrand convokers (Desolation)
  A polar bear (IceCv)
  A hound (D:11)
  An orc priest (Vaults:5)
  5 fungi
  20 plants
35 creatures vanquished.

Grand Total: 1854 creatures vanquished

Notes
Turn   | Place    | Note
-------+----------+-------------------------------------------
     0 | D:1      | Irenicus the Deep Dwarf Earth Elementalist began the quest
                  | for the Orb.
     0 | D:1      | Reached XP level 1. HP: 15/15 MP: 3/3
   132 | D:1      | Reached skill level 2 in Spellcasting
   132 | D:1      | Reached XP level 2. HP: 20/22 MP: 0/5
   378 | D:1      | Reached skill level 5 in Earth Magic
   449 | D:1      | Learned a level 2 spell: Passwall
   630 | D:2      | Reached XP level 3. HP: 22/28 MP: 1/6
   752 | D:2      | Noticed Natasha
   792 | D:2      | Killed Natasha
   792 | D:2      | Reached skill level 6 in Earth Magic
   802 | D:2      | Reached XP level 4. HP: 20/36 MP: 0/7
   865 | D:2      | Found a faded altar of an unknown god.
  1015 | D:2      | Noticed Natasha
  1019 | D:2      | Killed Natasha
  1077 | D:3      | Reached skill level 7 in Earth Magic
  1126 | D:3      | Reached XP level 5. HP: 17/42 MP: 0/8
  1515 | D:3      | Reached skill level 8 in Earth Magic
  1947 | D:4      | Noticed Ijyb
  1954 | D:4      | Killed Ijyb
  2030 | D:5      | Entered Level 5 of the Dungeon
  2035 | D:5      | Reached XP level 6. HP: 49/49 MP: 3/9
  2067 | D:5      | Reached skill level 9 in Earth Magic
  2111 | D:5      | Noticed a sky beast
  2117 | D:5      | Killed a sky beast
  2126 | D:5      | Found a staircase to the Ecumenical Temple.
  2129 | D:5      | Noticed an ice beast
  2138 | D:5      | Killed an ice beast
  2138 | D:5      | Reached skill level 10 in Earth Magic
  2145 | Temple   | Entered the Ecumenical Temple
  2186 | Temple   | Became a worshipper of Makhleb the Destroyer
  2236 | D:5      | Reached XP level 7. HP: 55/55 MP: 7/10
  2237 | D:5      | Noticed Duvessa
  2249 | D:5      | Noticed Dowan
  2254 | D:5      | Killed Duvessa
  2257 | D:5      | Killed Dowan
  2257 | D:5      | Reached skill level 11 in Earth Magic
  2280 | D:5      | Found an opulent altar of Gozag.
  2436 | D:6      | Found a stormy altar of Qazlal.
  2436 | D:6      | Noticed Eustachio
  2443 | D:6      | Killed Eustachio
  2480 | D:6      | Found a hide-covered altar of Uskayaw.
  2485 | D:6      | Reached skill level 12 in Earth Magic
  2514 | D:6      | Reached XP level 8. HP: 44/62 MP: 5/11
  2629 | D:6      | Reached skill level 1 in Slings
  2634 | D:6      | Reached skill level 2 in Slings
  2635 | D:6      | Reached skill level 13 in Earth Magic
  2740 | D:6      | Reached skill level 3 in Slings
  2779 | D:6      | Reached * piety under Makhleb
  2924 | D:6      | HP: 14/62 [centaur/arrow (4)]
  2948 | D:6      | Reached skill level 14 in Earth Magic
  3112 | D:7      | HP: 6/62 [water moccasin (3)]
  3113 | D:7      | Gained mutation: You passively map the area around you.
                  | [Deep Dwarf growth]
  3113 | D:7      | Reached XP level 9. HP: 7/68 MP: 7/12
  3139 | D:6      | Learned a level 5 spell: Lee's Rapid Deconstruction
  3144 | D:6      | Learned a level 4 spell: Petrify
  3490 | D:7      | Irenicus: ?? staff of energy
  3490 | D:7      | beem: staff of energy[1/1]: When wielded, removes spell
                  | hunger and can be evoked for {channeling}.
  3516 | D:7      | Reached skill level 15 in Earth Magic
  3517 | D:7      | Noticed Joseph
  3530 | D:7      | Reached skill level 1 in Evocations
  3533 | D:7      | Killed Joseph
  3533 | D:7      | Reached skill level 3 in Evocations
  3581 | D:7      | Reached ** piety under Makhleb
  3654 | D:7      | Reached skill level 4 in Evocations
  3773 | D:8      | Noticed a two-headed ogre
  3831 | D:8      | Reached skill level 1 in Transmutations
  3914 | D:8      | Reached skill level 5 in Evocations
  3954 | D:8      | Killed a two-headed ogre
  3954 | D:8      | Reached skill level 3 in Transmutations
  3954 | D:8      | Reached skill level 6 in Evocations
  3954 | D:8      | Reached XP level 10. HP: 44/75 MP: 2/14
  3960 | D:8      | Reached skill level 7 in Evocations
  3985 | D:8      | Reached skill level 8 in Evocations
  4197 | D:7      | Found an iron altar of Okawaru.
  4253 | D:8      | Reached *** piety under Makhleb
  4322 | D:9      | Reached skill level 9 in Evocations
  4325 | D:9      | Found a staircase to the Orcish Mines.
  4411 | D:9      | Got a slimy mace
  4431 | D:9      | Noticed Harold
  4440 | D:9      | Found a glowing golden altar of the Shining One.
  4639 | D:9      | Killed Harold
  4639 | D:9      | Reached skill level 3 in Stealth
  4639 | D:9      | Reached skill level 2 in Invocations
  4639 | D:9      | Reached skill level 10 in Evocations
  4680 | D:9      | Identified the +0 mace of Munuib {antimagic, *Noise rC+++
                  | rN+} (You found it on level 9 of the Dungeon)
  4730 | D:10     | Entered Level 10 of the Dungeon
  4841 | D:10     | Reached skill level 4 in Stealth
  4841 | D:10     | Reached skill level 3 in Invocations
  4939 | D:10     | Reached skill level 5 in Stealth
  4939 | D:10     | Reached skill level 4 in Invocations
  4995 | D:10     | Noticed a two-headed ogre
  4996 | D:10     | Noticed a gargoyle
  5004 | D:10     | Killed a two-headed ogre
  5004 | D:10     | Reached skill level 6 in Stealth
  5004 | D:10     | Reached skill level 5 in Invocations
  5014 | D:10     | Killed a gargoyle
  5014 | D:10     | Reached XP level 11. HP: 69/81 MP: 3/18
  5038 | D:10     | Reached skill level 6 in Invocations
  5060 | D:10     | Learned a level 3 spell: Stone Arrow
  5295 | D:10     | Found Avazuaw's Magic Scroll Boutique.
  5300 | D:10     | Bought a scroll of blinking for 105 gold pieces
  5364 | D:11     | Reached skill level 7 in Stealth
  5376 | D:10     | Reached **** piety under Makhleb
  5473 | D:11     | Reached skill level 1 in Conjurations
  5521 | D:11     | Noticed a two-headed ogre
  5529 | D:11     | Found a staircase to the Lair.
  5555 | D:11     | Killed a two-headed ogre
  5555 | D:11     | Reached skill level 2 in Conjurations
  5555 | D:11     | Reached skill level 7 in Invocations
  5631 | D:11     | HP: 18/81 [something/bolt of electricity (8)]
  5719 | D:11     | Reached skill level 3 in Conjurations
  5731 | D:11     | HP: 16/81 [ice devil (17)]
  5750 | D:11     | HP: 16/81 [ice devil (15)]
  5753 | D:11     | HP: 5/81 [ice devil (19)]
  5759 | D:11     | HP: 17/81 [ice devil (7)]
  5759 | D:11     | HP: 4/81 [ice devil (13)]
  5772 | D:11     | Reached skill level 4 in Conjurations
  5791 | D:11     | Found a frozen archway.
  5801 | IceCv    | Entered an ice cave
  5980 | IceCv    | Reached skill level 3 in Dodging
  6067 | IceCv    | Reached skill level 4 in Dodging
  6067 | IceCv    | Reached skill level 4 in Transmutations
  6189 | IceCv    | Reached skill level 8 in Stealth
  6233 | IceCv    | Reached ***** piety under Makhleb
  6436 | IceCv    | Reached skill level 5 in Transmutations
  6557 | IceCv    | Reached skill level 9 in Stealth
  6659 | IceCv    | Got a pair of warped boots
  6677 | IceCv    | Identified the +2 pair of boots "Pojecimp" {Dex+4} (You
                  | found it in an ice cave)
  6728 | IceCv    | Reached XP level 12. HP: 88/88 MP: 3/19
  6810 | IceCv    | Noticed a death yak
  6856 | IceCv    | Killed a death yak
  6856 | IceCv    | Reached skill level 6 in Transmutations
  6859 | IceCv    | Reached skill level 10 in Stealth
  7028 | IceCv    | Noticed a frost giant
  7028 | IceCv    | Noticed a death yak
  7076 | IceCv    | Reached skill level 7 in Transmutations
  7144 | IceCv    | Killed a frost giant
  7154 | IceCv    | Reached skill level 8 in Transmutations
  7160 | IceCv    | Killed a death yak
  7333 | D:11     | Noticed a two-headed ogre
  7375 | D:11     | Killed a two-headed ogre
  7375 | D:11     | Reached skill level 9 in Transmutations
  7457 | D:11     | Noticed a six-headed hydra
  7513 | D:11     | Killed a six-headed hydra
  7513 | D:11     | Reached skill level 1 in Fighting
  7513 | D:11     | Reached skill level 5 in Conjurations
  7575 | D:11     | Reached skill level 2 in Fighting
  7578 | D:11     | Irenicus: ?? proverbial
  7578 | D:11     | beem: I don't have a page labeled proverbial in my learndb.
  7578 | D:11     | Irenicus: ?? proverbial pig
  7578 | D:11     | beem: I don't have a page labeled proverbial_pig in my
                  | learndb.
  7788 | D:11     | Noticed an eight-headed hydra
  7811 | D:11     | Killed an eight-headed hydra
  7858 | D:11     | Reached skill level 3 in Fighting
  7934 | D:11     | Noticed Nergalle
  7945 | D:11     | Killed Nergalle
  7945 | D:11     | Reached skill level 6 in Conjurations
  8198 | D:11     | Irenicus: ?? manual
  8198 | D:11     | beem: manual[1/3]: Manuals let you train a skill more
                  | efficiently. While you carry it you train that skill at
                  | double speed - half the 'skill points' coming from the
                  | manual. It was generated with 2000-3000 'skill points' and
                  | you cannot 'waste' it, you always get the full amount.
  8215 | Lair:1   | Entered Level 1 of the Lair of Beasts
  8224 | Lair:1   | Reached ****** piety under Makhleb
  8224 | Lair:1   | Reached XP level 13. HP: 105/105 MP: 14/20
  8322 | Lair:1   | Reached skill level 4 in Fighting
  8433 | Lair:1   | Reached skill level 10 in Transmutations
  8696 | Lair:1   | Reached skill level 11 in Transmutations
  9158 | Lair:2   | Reached skill level 12 in Transmutations
  9278 | Lair:2   | Found the ring of the Mage {Wiz MR++ Int+3}
  9302 | Lair:2   | Found a dark tunnel.
  9307 | Volcano  | Entered a volcano
  9488 | Volcano  | Noticed a red draconian
  9503 | Volcano  | Killed a red draconian
  9503 | Volcano  | Reached skill level 13 in Transmutations
 10187 | Lair:4   | Reached skill level 14 in Transmutations
 10201 | Lair:4   | Found a staircase to the Shoals.
 10737 | Lair:4   | Reached skill level 15 in Transmutations
 10841 | Lair:4   | Found a staircase to the Snake Pit.
 11068 | Lair:5   | Gained mutation: You resist negative energy. (rN+) [Deep
                  | Dwarf growth]
 11068 | Lair:5   | Reached XP level 14. HP: 87/114 MP: 0/21
 11159 | Lair:5   | Reached skill level 3 in Spellcasting
 11274 | Lair:5   | You fall through a shaft!
 11274 | Lair:6   | Entered Level 6 of the Lair of Beasts
 11296 | Lair:6   | Reached skill level 5 in Dodging
 11467 | Lair:6   | Reached skill level 4 in Spellcasting
 11497 | Lair:6   | Reached skill level 6 in Dodging
 11773 | Lair:6   | Reached skill level 7 in Dodging
 11773 | Lair:6   | Reached skill level 5 in Spellcasting
 11997 | Lair:6   | Found a runed door.
 11997 | Lair:6   | Found a viscous altar of Jiyva.
 11997 | Lair:6   | Found a staircase to the Slime Pits.
 11997 | Lair:6   | Noticed an azure jelly
 11997 | Lair:6   | Noticed an azure jelly
 12091 | Lair:6   | Reached skill level 8 in Dodging
 12319 | Lair:6   | Reached skill level 6 in Spellcasting
 12397 | Lair:6   | Got a transparent chain mail
 12402 | Lair:6   | Identified the +5 chain mail of Proximity {-Cast rElec
                  | Int+3} (You found it on level 6 of the Lair of Beasts)
 12497 | Lair:5   | Noticed Rupert
 12518 | Lair:5   | Killed Rupert
 12518 | Lair:5   | Reached skill level 8 in Invocations
 12709 | D:10     | Bought a scroll of enchant armour for 105 gold pieces
 12709 | D:10     | Bought a scroll of teleportation for 42 gold pieces
 12835 | Orc:1    | Entered Level 1 of the Orcish Mines
 13050 | Orc:2    | Entered Level 2 of the Orcish Mines
 13099 | Orc:2    | Reached skill level 9 in Invocations
 13372 | Orc:2    | Found a roughly hewn altar of Beogh.
 13447 | Orc:2    | Found Vaaquzof's Antique Armour Boutique.
 13461 | Orc:2    | Reached skill level 7 in Spellcasting
 13671 | Orc:2    | Found a staircase to the Elven Halls.
 13778 | Orc:2    | Got a bone whip
 13779 | Orc:2    | Identified the cursed +0 whip of the Augurer {flame, rF+
                  | rC+ Dex+3} (You found it on level 2 of the Orcish Mines)
 13842 | Orc:2    | Noticed a stone giant
 13857 | Orc:2    | Killed a stone giant
 13857 | Orc:2    | Reached skill level 10 in Invocations
 13966 | Orc:2    | Noticed an orc warlord
 13989 | Orc:2    | Killed an orc warlord
 13989 | Orc:2    | Reached skill level 9 in Dodging
 13989 | Orc:2    | Reached XP level 15. HP: 116/120 MP: 7/25
 14114 | Orc:2    | Found Yxkajebut's Armour Shoppe.
 14184 | Orc:2    | Found Ysocw's Food Shop.
 14216 | Orc:2    | Found a roughly hewn altar of Beogh.
 14311 | Orc:2    | Reached skill level 10 in Dodging
 14378 | Orc:2    | Found Goabbuem's Distillery.
 14463 | Orc:2    | Bought the +2 shield of Resistance {rF+ rC+ MR+} for 945
                  | gold pieces
 14463 | Orc:2    | Found the +2 shield of Resistance {rF+ rC+ MR+}
 14482 | Orc:2    | Bought a potion of ambrosia for 96 gold pieces
 14482 | Orc:2    | Bought a potion of brilliance for 48 gold pieces
 14482 | Orc:2    | Bought a potion of haste for 120 gold pieces
 14522 | Orc:2    | Reached skill level 1 in Shields
 14586 | Orc:2    | Reached skill level 2 in Shields
 14629 | Orc:1    | Reached skill level 3 in Shields
 14771 | Orc:1    | Reached skill level 4 in Shields
 15070 | Snake:1  | Entered Level 1 of the Snake Pit
 15156 | Snake:2  | HP: 20/121 [naga sharpshooter/arrow (17)]
 15158 | Snake:2  | HP: 7/121 [naga sharpshooter/bolt (4)]
 15178 | Snake:1  | Reached skill level 5 in Shields
 15328 | Snake:1  | Reached skill level 6 in Shields
 15601 | Snake:1  | Reached skill level 1 in Short Blades
 15651 | Snake:1  | Reached skill level 2 in Short Blades
 15678 | Snake:1  | Reached skill level 7 in Shields
 15719 | Snake:1  | Found Hochoph's General Store.
 15719 | Snake:1  | Found Mikhap's Weapon Boutique.
 15719 | Snake:1  | Found Sanimaun's Armour Shop.
 15724 | Snake:1  | Bought a +0 helmet of intelligence for 218 gold pieces
 15941 | Snake:2  | Reached skill level 3 in Short Blades
 16075 | Snake:2  | Noticed a nagaraja
 16120 | Snake:3  | Reached skill level 8 in Shields
 16189 | Snake:3  | Reached skill level 9 in Shields
 16221 | Snake:3  | Learned a level 1 spell: Apportation
 16296 | Snake:3  | Reached skill level 1 in Translocations
 16383 | Snake:3  | Reached skill level 2 in Translocations
 16431 | Snake:3  | Irenicus: ?? snake pit
 16431 | Snake:3  | beem: snake pit[1/3]: Accessed from the Lair somewhere
                  | between levels 3 and 6. Four levels deep. The serpentine
                  | rune lies at the bottom, and the greater nagas are renowned
                  | for their charm and hospitality. Half of all games contain
                  | this branch; the others contain {Spider Nest}.
 16561 | Snake:3  | Reached skill level 10 in Shields
 16598 | Snake:3  | Noticed MalarOregon's ghost (journeyman MiFi)
 16601 | Snake:3  | Found a runed gate.
 16602 | Snake:3  | Found a runed gate.
 16602 | Snake:3  | Found a runed gate.
 16664 | Snake:3  | Reached XP level 16. HP: 129/129 MP: 12/26
 16727 | Snake:4  | Entered Level 4 of the Snake Pit
 16875 | Snake:4  | Noticed Asterion
 16885 | Snake:4  | Killed Asterion
 16885 | Snake:4  | Reached skill level 11 in Shields
 17061 | Snake:4  | Reached skill level 12 in Shields
 17436 | Snake:4  | Reached skill level 13 in Shields
 17463 | Snake:4  | HP: 30/129 [nagaraja/bolt of poison (14)]
 17715 | Snake:4  | HP: 22/129 [nagaraja/orb of energy (24)]
 17723 | Snake:4  | Reached skill level 14 in Shields
 18000 | Snake:4  | Reached skill level 15 in Shields
 18161 | Snake:4  | Identified the Almanac of Earthen Ice
 18170 | Snake:4  | Learned a level 6 spell: Statue Form
 18252 | Snake:4  | Reached skill level 5 in Fighting
 18401 | Snake:4  | Reached XP level 17. HP: 128/139 MP: 6/27
 18440 | Snake:4  | Reached skill level 6 in Fighting
 18553 | Snake:4  | Got a serpentine rune of Zot
 18636 | Snake:4  | Reached skill level 7 in Fighting
 18693 | Snake:3  | Killed MalarOregon's ghost
 18778 | Snake:2  | Reached skill level 8 in Spellcasting
 18890 | Snake:2  | HP: 35/144 [naga sharpshooter/bolt (16)]
 18911 | Snake:2  | Reached skill level 9 in Spellcasting
 18949 | Snake:2  | Noticed Frances
 18951 | Snake:2  | Irenicus: ?? frances
 18951 | Snake:2  | beem: frances[1/1]: The plural form of France, bearing a
                  | deep facial scar. Buffed in 0.12 to have a meaner spell
                  | set: throw icicle, summon demon, haste, and iron shot. Now
                  | hasted, earlier, slightly weaker Frederick.
 19217 | Snake:2  | Killed Frances
 19490 | Shoals:1 | Entered Level 1 of the Shoals
 19530 | Shoals:1 | Reached skill level 1 in Armour
 19645 | Shoals:1 | Reached skill level 2 in Armour
 19833 | Shoals:1 | Reached skill level 3 in Armour
 19882 | Shoals:1 | Reached skill level 16 in Earth Magic
 19947 | Shoals:2 | Reached skill level 10 in Spellcasting
 19971 | Shoals:2 | Noticed Ilsuiw
 20093 | Shoals:2 | Identified the +4 mace "Gihouluon" {vamp, *Corrode rF+ rN+}
                  | (You found it on level 2 of the Shoals)
 20302 | Shoals:2 | Killed Ilsuiw
 20644 | Shoals:3 | Gained mutation: You passively map a large area around you.
                  | [Deep Dwarf growth]
 20644 | Shoals:3 | Reached XP level 18. HP: 152/152 MP: 32/32
 20763 | Shoals:3 | Irenicus: ?? shoal
 20763 | Shoals:3 | beem: shoal ~ shoals[1/4]: Lair branch that can replace
                  | {Swamp}. It has tides, merfolk (including javelineers and
                  | aquamancers), {kraken}, snapping turtles, sea snakes,
                  | cyclopes, and harpies. It is 4 levels deep and has the
                  | barnacled rune at the end.
 20880 | Shoals:3 | Reached skill level 17 in Earth Magic
 20930 | Shoals:4 | Entered Level 4 of the Shoals
 20969 | Shoals:4 | Learned a level 2 spell: Blink
 21062 | Shoals:4 | Reached skill level 11 in Spellcasting
 21073 | Shoals:4 | Got an encrusted hand axe
 21076 | Shoals:4 | Identified the +8 hand axe "Fuhok" {flame, +Blink rN+} (You
                  | found it on level 4 of the Shoals)
 21253 | Shoals:4 | Got a barnacled rune of Zot
 21497 | Shoals:4 | Reached skill level 18 in Earth Magic
 21499 | Shoals:4 | Found a stormy altar of Qazlal.
 21802 | Shoals:1 | Irenicus: ?? crystal lance
 21802 | Shoals:1 | beem: I don't have a page labeled crystal_lance in my
                  | learndb.
 21802 | Shoals:1 | Irenicus: ?? crystal spear
 21802 | Shoals:1 | beem: lehudib's crystal spear[1/1]: AKA: Crystal spear or
                  | the acronym LCS. Level 8 Conjurations/Earth spell, found
                  | only in Book of Annihilations, randart Sif gifts, and
                  | Vehumet offerings. 10d22.3 at max power, theoretically, and
                  | unresistable. The strongest single target conjuration, but
                  | its range is one square less than that of Iron Shot.
                  | To-hit: 10+power/15.
 21972 | D:10     | Bought a scroll of fog for 28 gold pieces
 21972 | D:10     | Bought a scroll of magic mapping for 49 gold pieces
 21972 | D:10     | Bought a scroll of enchant armour for 105 gold pieces
 21972 | D:10     | Bought a scroll of enchant armour for 105 gold pieces
 21972 | D:10     | Bought a scroll of immolation for 49 gold pieces
 21972 | D:10     | Bought a scroll of immolation for 49 gold pieces
 22067 | Elf:1    | Entered Level 1 of the Elven Halls
 22138 | Elf:1    | Learned a level 3 spell: Conjure Flame
 22159 | Elf:1    | Found a ruined gateway.
 22249 | Elf:1    | Reached skill level 12 in Spellcasting
 22308 | Desolati | Entered the Desolation of Salt
 22325 | Desolati | HP: 49/197 [guardian serpent (12)]
 22343 | Desolati | HP: 31/197 [peacekeeper (24)]
 22348 | Desolati | Reached skill level 19 in Earth Magic
 22349 | Desolati | HP: 34/197 [peacekeeper (26)]
 22458 | Desolati | Got a wavering zirconium amulet
 22476 | Desolati | Identified the amulet of Secrets {Harm *Drain rN+ Str-5
                  | Stlth+} (You took it off an ironbrand convoker in the
                  | Desolation of Salt)
 22516 | Desolati | Got a slimy plate armour
 22562 | Desolati | Reached XP level 19. HP: 158/158 MP: 8/35
 22772 | Desolati | Learned a level 9 spell: Shatter
 22817 | Desolati | Reached skill level 13 in Spellcasting
 22989 | Desolati | Reached skill level 20 in Earth Magic
 23014 | Desolati | Found the +6 Majin-Bo {vamp, Archmagi MP+6 Int+6}
 23018 | Desolati | Irenicus: ?? magin-bo
 23018 | Desolati | beem: magin-bo ~ majin-bo[1/3]: +6 Majin-Bo {vamp,
                  | Archmagi, MP+6 Int+6}. It's a quarterstaff! Acts as a
                  | universal spell enhancer, but costs HP every time you cast
                  | a spell: 1 HP per MP spent. (This will never kill you
                  | directly.)
 23022 | Desolati | Identified the Incunabulum of Companions
 23046 | Desolati | Identified the +3 plate armour of Waleso {MR- Int+3} (You
                  | found it in the Desolation of Salt)
 23057 | Desolati | Got an encrusted hand crossbow
 23058 | Desolati | Identified the +7 hand crossbow of Megalomania {elec, rC+}
                  | (You found it in the Desolation of Salt)
 23086 | Desolati | Irenicus: ?? scroll of vulnerability
 23086 | Desolati | beem: scroll of vulnerability[1/3]: Halves the MR of
                  | everything in LOS, including you. In 0.15 and earlier,
                  | removed all enchantments and 1 to 5 points of magic
                  | contamination. This effect was moved to {potion of
                  | cancellation}.
 23086 | Desolati | Irenicus: ?? scroll of vulnerability [2
 23086 | Desolati | beem: scroll of vulnerability[2/3]: Cerebov screams as he
                  | is devoured by a tear in reality.
 23086 | Desolati | Irenicus: ?? scroll of vulnerability [3
 23086 | Desolati | beem: scroll of vulnerability[3/3]: 0.14 and earlier
                  | trivia: If you cast Summon Greater Demon, then read vuln
                  | (or a purple drac/quicksilver dragon shoots at them - same
                  | effect) they went hostile, because their friendliness was a
                  | status effect (enslavement).
 23086 | Desolati | Irenicus: ?? sack of spider
 23086 | Desolati | beem: sack of spider ~ sack of spiders[1/2]: When evoked,
                  | generates friendly spiders and webs. Has a 1 in 3 chance
                  | of self-destructing after use, and a 5 in (10+Evo) chance
                  | of having no effect. The kinds of spiders you get vary with
                  | evocations; at really high evocations you get the
                  | occasional ghost moth.
 23490 | Elf:1    | Found Potil's Gadget Shop.
 23547 | Elf:1    | Found a runed gate.
 23547 | Elf:1    | Found a runed gate.
 23547 | Elf:1    | Found a runed gate.
 23549 | Elf:1    | Noticed Irenicus's ghost (journeyman DDMo)
 23563 | Elf:1    | Found Obeheo's Distillery.
 23566 | Elf:1    | Found Hysy's Antique Weapon Shop.
 23568 | Elf:1    | Bought a potion of haste for 180 gold pieces
 23568 | Elf:1    | Bought a potion of heal wounds for 90 gold pieces
 23590 | Elf:1    | Killed Irenicus's ghost
 23963 | Elf:2    | Noticed a Brimstone Fiend
 23971 | Elf:2    | Noticed a Tzitzimitl
 24148 | Elf:2    | Found a radiant altar of Vehumet.
 24412 | Elf:2    | Found a huge runed gate.
 24412 | Elf:2    | Found a huge runed gate.
 24412 | Elf:2    | Found a huge runed gate.
 24412 | Elf:2    | Found a huge runed gate.
 24414 | Elf:2    | Found a huge runed gate.
 24498 | Elf:2    | Reached skill level 21 in Earth Magic
 24525 | Elf:2    | Reached skill level 14 in Spellcasting
 24831 | Elf:3    | Entered Level 3 of the Elven Halls
 24899 | Elf:3    | Found a radiant altar of Vehumet.
 24915 | Elf:3    | Noticed Saint Roka
 24939 | Elf:3    | Killed Saint Roka
 24959 | Elf:3    | Reached XP level 20. HP: 82/166 MP: 1/38
 25000 | Elf:3    | Found a magical portal.
 25014 | WizLab   | Entered The Roulette of Golubria
 25014 | WizLab   | Found a transporter.
 25017 | WizLab   | Found a corrupted altar of Lugonu.
 25041 | WizLab   | Found a transporter.
 25087 | WizLab   | Found a transporter.
 25101 | WizLab   | Found a corrupted altar of Lugonu.
 25147 | WizLab   | Found a transporter.
 25159 | WizLab   | Found a transporter.
 25194 | WizLab   | Found a transporter.
 25195 | WizLab   | Irenicus: ?? lurking horror
 25195 | WizLab   | beem: lurking horror[1/2]: An abyssal giant spore that
                  | torments (full LOS) when it explodes. Follows you with
                  | wandering mushroom AI while at a distance, but becomes
                  | increasingly likely to chase you (with speed 12) instead of
                  | standing still, the closer it gets.
 25217 | WizLab   | Found a transporter.
 25285 | WizLab   | Found a transporter.
 25322 | WizLab   | Found a transporter.
 25396 | WizLab   | Found a transporter.
 25419 | WizLab   | Found a transporter.
 25513 | WizLab   | Found a transporter.
 25552 | WizLab   | Found a transporter.
 25556 | WizLab   | Identified the Papyrus of the Compass
 25580 | WizLab   | Found a transporter.
 25580 | WizLab   | Found a transporter.
 25615 | WizLab   | Found a transporter.
 25615 | WizLab   | Found a transporter.
 25648 | WizLab   | Found a transporter.
 25648 | WizLab   | Found a transporter.
 25716 | WizLab   | Found a transporter.
 25726 | WizLab   | Got a shimmering cloak
 25737 | WizLab   | Identified the +1 cloak of Indemnity {rC+ Str+3 Dex+4} (You
                  | found it in a wizard's laboratory)
 25738 | WizLab   | Got a warped cloak
 25749 | WizLab   | Identified the +0 cloak "Hicaacio" {Regen+ Str+4} (You
                  | found it in a wizard's laboratory)
 25767 | WizLab   | Got an encrusted cloak
 25773 | WizLab   | Identified the +1 cloak of Bad Feelings {rC+} (You found it
                  | in a wizard's laboratory)
 25928 | Elf:3    | Found Ystruh's Antique Armour Shop.
 25928 | Elf:3    | Found Lotrehom's Magic Scroll Shop.
 25931 | Elf:3    | Found Musuc's Armour Shop.
 25932 | Elf:3    | Found Miga's Jewellery Shop.
 25946 | Elf:3    | Bought a dazzling cloak for 256 gold pieces
 25956 | Elf:3    | Identified the cursed +0 cloak of Darkness {rPois rN+ rCorr
                  | Stlth-} (You bought it in a shop on level 3 of the Elven
                  | Halls)
 26033 | Elf:3    | Found a gateway to a bazaar.
 26100 | Elf:3    | Reached skill level 22 in Earth Magic
 26182 | Elf:3    | Reached skill level 15 in Spellcasting
 26222 | Elf:3    | Got a faintly humming leather armour
 26233 | Elf:3    | Identified the +3 leather armour "Retiriu" {Str+3 Dex+5}
                  | (You took it off a deep elf annihilator on level 3 of the
                  | Elven Halls)
 26246 | Elf:3    | Gained mutation: You tend to lose your temper in combat.
                  | [potion of mutation]
 26246 | Elf:3    | Gained mutation: You have a pair of small horns on your
                  | head. [potion of mutation]
 26247 | Elf:3    | Lost mutation: You have a pair of small horns on your head.
                  | [potion of mutation]
 26247 | Elf:3    | Lost mutation: You tend to lose your temper in combat.
                  | [potion of mutation]
 26247 | Elf:3    | Gained mutation: You are dopey. (Int -2) [potion of
                  | mutation]
 26247 | Elf:3    | Gained mutation: You expend magic power (3 MP) to
                  | strengthen your wands. [potion of mutation]
 26253 | Elf:3    | Lost mutation: You expend magic power (3 MP) to strengthen
                  | your wands. [potion of mutation]
 26253 | Elf:3    | Lost mutation: You are dopey. (Int -2) [potion of mutation]
 26253 | Elf:3    | Gained mutation: Your spells are a little harder to cast,
                  | but a little more powerful. [potion of mutation]
 26253 | Elf:3    | Gained mutation: Your mind is acute. (Int +2) [potion of
                  | mutation]
 26253 | Elf:3    | Gained mutation: You are frail. (-10% HP) [potion of
                  | mutation]
 26253 | Elf:3    | Gained mutation: You are somewhat resistant to further
                  | mutation. [potion of mutation]
 26323 | Elf:3    | Got a bloodstained flail {flame}
 26324 | Elf:3    | Identified the +2 flail "Geggodiro" {flame, rN++} (You took
                  | it off a deep elf sorcerer on level 3 of the Elven Halls)
 26398 | Elf:3    | Identified Ugun's Catalogue of Orientation and the Oath
 26425 | Elf:3    | Got a pair of brightly glowing gloves
 26436 | Elf:3    | Identified the cursed +0 pair of gloves of the Imp {rC+
                  | Slay+3} (You found it on level 3 of the Elven Halls)
 26469 | Elf:3    | Identified the Disquisition on the Entourage and Unholy
                  | Rites
 26471 | Elf:3    | Identified the Tome of Flight and Displacement
 26495 | Elf:3    | Irenicus: ?? staffof wizardry
 26495 | Elf:3    | beem: staffof wizardry ~ staff of wizardry ~ wizardry[1/2]:
                  | Makes spellcasting less likely to fail. Comes in staff and
                  | ring form. Stacks, but not very well. Vehumet grants a
                  | similar boost to {destructive spells}, which stacks well
                  | with regular wizardry.
 26614 | Elf:3    | Irenicus: ?? summon forest
 26614 | Elf:3    | beem: summon forest[1/1]: L5 Summ/Tloc in the book of the
                  | Warp and Summonings (Fen Folio in 0.17). Temporarily turns
                  | some nearby rock walls into trees, sometimes creates a
                  | small pool of water, and summons a dryad which can cast
                  | Awaken Forest and summon vines to pull monsters into the
                  | trees. Requires open space to cast.
 26693 | Elf:3    | Found a large runed door.
 26693 | Elf:3    | Found a large runed door.
 26695 | Elf:3    | Noticed Merlin's ghost (adept GrFi)
 26989 | D:11     | Irenicus: ?? slime
 26989 | D:11     | beem: slime pits[1/2]: Accessed from the Lair somewhere on
                  | levels 5 or 6 (on Lair:6-8 in 0.18 and earlier). Five
                  | levels deep (six in 0.18 and earlier), with a rune in the
                  | loot vault at the bottom, surrounded by stone (vulnerable
                  | to LRD/shatter but not passwall/digging) walls. Killing the
                  | royal jelly turns the walls into diggable glass. The {slime
                  | wall}s hurt to touch!
 26989 | D:11     | Irenicus: ?? shatter
 26989 | D:11     | beem: shatter[1/5]: Level 9 earth spell. Extremely powerful
                  | attack which does damage comparable to LCS to all
                  | non-flying non-amorphous monsters in LOS radius. Doesn't
                  | damage stuff on the other side of walls, but conveniently
                  | destroys nearby walls (and potions in 0.13 and earlier)
                  | anyway. Prior to 0.15, had a range of (3 + Earth/5).
 27007 | D:12     | Found Pogruq's Antique Weapon Emporium.
 27089 | D:12     | Found Apuhog's Antique Armour Emporium.
 27095 | D:12     | Noticed Maurice
 27100 | D:12     | Noticed Josephine
 27105 | D:12     | Killed Maurice
 27111 | D:12     | Killed Josephine
 27111 | D:12     | Reached skill level 23 in Earth Magic
 27573 | D:13     | Noticed Azrael
 27596 | D:13     | Killed Azrael
 27617 | D:13     | Noticed Nessos
 27635 | D:13     | Killed Nessos
 27677 | D:13     | Found a transporter.
 27874 | D:13     | Noticed ThePrince's ghost (journeyman GnMo)
 27890 | D:13     | Found a transporter.
 27932 | D:13     | Found a shadowy altar of Dithmenos.
 27947 | D:13     | Irenicus: ?? dispel undead
 27947 | D:13     | beem: dispel undead[1/3]: Deals very high AC-bypassing
                  | damage (up to 87!) to undead. Extremely useful vs. liches,
                  | higher mummies, various other things, and player ghosts.
                  | Not useful vs. anything not undead. If you are an undead or
                  | lich-form player, take care around Kiku ghosts, pan lords,
                  | Gloorx Vloq, tzitzimitl, and black suns.
 28058 | D:13     | Irenicus: ?? zohes
 28058 | D:13     | beem: I don't have a page labeled zohes in my learndb.
 28058 | D:13     | Irenicus: ?? ring of the zohes
 28058 | D:13     | beem: I don't have a page labeled ring_of_the_zohes in my
                  | learndb.
 28059 | D:13     | Got the ring of Zohes {Dex+6}
 28060 | D:13     | Identified the ring of Zohes {Str+9 Dex+6} (You found it on
                  | level 13 of the Dungeon)
 28156 | D:14     | Found the +7 lajatang of Order {silver, rMut}
 28292 | D:14     | Reached XP level 21. HP: 154/154 MP: 12/40
 28307 | D:14     | Irenicus: ??baazaar
 28307 | D:14     | beem: baazaar ~ bazaar[1/3]: A portal with several shops.
                  | Portals to bazaars appear on random levels and disappear
                  | after a set amount of time. Once you leave the bazaar you
                  | can't return. Some bazaars won't disappear until entered
                  | (you can tell these apart because they won't be announced,
                  | and the portal won't be "flickering").
 28310 | D:14     | Found a gate to the Vaults.
 28443 | D:14     | Found a flagged portal.
 28453 | Bailey   | Entered a bailey
 28813 | Vaults:1 | Entered Level 1 of the Vaults
 28878 | Vaults:1 | Reached skill level 16 in Spellcasting
 28916 | Vaults:1 | Learned a level 5 spell: Borgnjor's Vile Clutch
 29056 | Vaults:1 | Found a runed gate.
 29056 | Vaults:1 | Found a runed gate.
 29056 | Vaults:1 | Found a runed gate.
 29065 | Vaults:1 | Found an iron altar of Okawaru.
 29065 | Vaults:1 | Noticed Exporg's ghost (adept MiBe)
 29095 | Vaults:1 | Killed Exporg's ghost
 29122 | Vaults:1 | Identified the cursed +0 scale mail of the Furies {rCorr}
                  | (You found it on level 1 of the Vaults)
 29175 | Vaults:1 | Reached skill level 8 in Fighting
 29222 | Vaults:1 | Reached skill level 1 in Necromancy
 29222 | Vaults:1 | Reached skill level 2 in Necromancy
 29222 | Vaults:1 | Reached skill level 24 in Earth Magic
 29227 | Vaults:1 | Reached skill level 3 in Necromancy
 29319 | Vaults:1 | Reached skill level 4 in Necromancy
 29361 | Vaults:2 | Reached skill level 5 in Necromancy
 29424 | Vaults:2 | Reached skill level 6 in Necromancy
 29535 | Vaults:2 | Irenicus: ?? pain
 29535 | Vaults:2 | beem: pain[1/3]: L1 necro spell, exclusive to the Book of
                  | Necromancy. Inflicts 1hp non-fatal damage on the caster.
                  | Does 1d(4 + pow/5) damage, with a limit of 25 power, and
                  | bypasses AC - but checks MR and only affects monsters
                  | without life protection, or players without torment
                  | immunity. You might've been looking for {pain brand}.
 29535 | Vaults:2 | Irenicus: ?? pain [2
 29535 | Vaults:2 | beem: pain brand[1/2]: Brand which inflicts 1d(necromancy
                  | skill) extra damage on necro out of necro+1 successful
                  | hits. Does not affect those with rN (demons, undead,
                  | unliving, shadow dragons, holies). (For the record, a
                  | monster's necromancy skill is HD/2, HD if undead or
                  | demonic, 0 if mindless/animal). Begins to edge out {elec
                  | brand} at 10 skill.
 29544 | Vaults:2 | Found Wenlat's Armour Emporium.
 29646 | Vaults:2 | Found Zuaty's Gadget Shoppe.
 29786 | Vaults:2 | Reached skill level 7 in Necromancy
 29911 | Vaults:2 | Found Fiatyfam's General Store.
 29919 | Vaults:2 | Reached skill level 8 in Necromancy
 30069 | Vaults:4 | Reached skill level 9 in Necromancy
 30120 | Vaults:5 | Entered Level 5 of the Vaults
 30121 | Vaults:5 | Reached XP level 22. HP: 164/164 MP: 42/42
 30122 | Vaults:5 | Reached skill level 10 in Necromancy
 30132 | Vaults:5 | Reached skill level 11 in Necromancy
 30133 | Vaults:5 | Reached skill level 25 in Earth Magic
 30151 | Vaults:5 | HP: 30/164 [vault warden/battleaxe of flaming (22)]
 30173 | Vaults:5 | Noticed an ancient lich
 30177 | Vaults:5 | HP: 34/164 [frost giant/bolt of cold (12)]
 30183 | Vaults:5 | Killed from afar by an ancient lich

Skill      XL: |  1  2  3  4  5  6  7  8  9 10 11 12 13 14 15 16 17 18 19 20 21 22 |
---------------+-------------------------------------------------------------------+-----
Spellcasting   | 2 7 10 12 14 15 16 | 16.1
Earth Magic    | 5 6 7 8 10 12 14 15 16 19 21 23 24 25 | 25.1
Slings         | 3 |  3.1
Evocations     | 6 10 | 10.2
Transmutations | 3 5 9 15 | 15.3
Stealth        | 6 9 10 | 10.1
Invocations    | 5 7 10 | 10.0
Conjurations   | 4 6 |  6.1
Dodging        | 4 9 10 | 10.0
Fighting       | 3 4 5 7 8 |  8.2
Shields        | 10 15 | 15.4
Short Blades   | 3 |  3.3
Translocations | 2 |  2.0
Armour         | 3 |  3.0
Necromancy     | 9 11 | 11.8

Action                   |  1- 3 |  4- 6 |  7- 9 | 10-12 | 13-15 | 16-18 | 19-21 | 22-24 || total
-------------------------+-------+-------+-------+-------+-------+-------+-------+-------++-------
Melee: Club              |    12 |     3 |       |       |       |       |       |       ||    15
       Dagger            |       |     2 |       |   200 |   522 |   581 |    94 |       ||  1399
       Staff             |       |       |       |       |       |     1 |       |       ||     1
       Quick blade       |       |       |       |       |       |       |   104 |     3 ||   107
 Fire: Hunting sling     |       |    13 |    36 |    19 |       |       |       |       ||    68
       Fustibalus        |       |       |       |       |     3 |       |       |       ||     3
Throw: Javelin           |    16 |    12 |       |       |       |       |       |       ||    28
 Cast: Sandblast         |    36 |    74 |   105 |   151 |    69 |   329 |   168 |     3 ||   935
       Passwall          |     2 |     8 |    28 |    37 |    59 |    17 |   101 |       ||   252
       Petrify           |       |       |     4 |    95 |   271 |   367 |   116 |     1 ||   854
       Lee's Rapid Decon |       |       |     1 |    27 |    92 |    99 |   216 |     5 ||   440
       Stone Arrow       |       |       |       |    81 |   165 |    54 |   114 |       ||   414
       Apportation       |       |       |       |       |     2 |    10 |    88 |       ||   100
       Statue Form       |       |       |       |       |       |    17 |     4 |       ||    21
       Conjure Flame     |       |       |       |       |       |       |     4 |       ||     4
       Shatter           |       |       |       |       |       |       |   108 |     7 ||   115
       Blink             |       |       |       |       |       |       |     2 |       ||     2
       Borgnjor's Vile C |       |       |       |       |       |       |     3 |       ||     3
Invok: Minor Destruction |       |       |       |     4 |       |    11 |       |       ||    15
       Lesser Servant of |       |       |       |     2 |     4 |     6 |     1 |       ||    13
       Major Destruction |       |       |       |     1 |     1 |    10 |     2 |       ||    14
       Greater Servant o |       |       |       |       |     1 |     5 |     1 |     1 ||     8
 Abil: Heal Wounds       |       |       |       |     6 |       |     1 |       |       ||     7
       End Transformatio |       |       |       |       |       |    11 |     5 |       ||    16
       Evoke Invisibilit |       |       |       |       |       |       |     2 |       ||     2
       Evoke Flight      |       |       |       |       |       |       |     1 |       ||     1
Evoke: Wand              |       |     1 |     4 |    20 |    41 |    75 |    13 |     1 ||   155
       Staff of energy   |       |       |     8 |   204 |   199 |   231 |   369 |     8 ||  1019
       Lamp of fire      |       |       |       |       |     2 |     4 |     8 |     1 ||    15
       Lightning rod     |       |       |       |       |       |     1 |    30 |     3 ||    34
       Fan of gales      |       |       |       |       |       |       |     1 |     1 ||     2
  Use: Scroll            |     7 |     4 |     3 |     4 |    19 |    20 |    18 |     2 ||    77
       Potion            |     2 |     2 |     2 |     7 |     2 |     6 |     4 |     2 ||    27
 Stab: Sleeping          |     3 |     1 |       |    10 |    43 |     4 |    10 |       ||    71
       Distracted        |       |     1 |       |       |       |     1 |       |       ||     2
       Petrified         |       |       |       |   155 |   357 |   317 |   116 |     3 ||   948
       Petrifying        |       |       |       |     3 |     9 |    50 |    12 |       ||    74
       Paralysed         |       |       |       |       |     3 |       |       |       ||     3
       Confused          |       |       |       |       |     1 |       |       |       ||     1
  Eat: Chunk             |       |     6 |     5 |    29 |    47 |    12 |    14 |       ||   113
       Ration            |       |       |     1 |     2 |     6 |    10 |    11 |       ||    30
Armor: Robe              |     5 |     4 |       |       |       |       |       |       ||     9
       Leather armour    |       |     4 |    10 |    97 |   207 |   129 |   103 |     9 ||   559
       Skin              |       |       |       |     2 |       |   536 |    81 |       ||   619
       Troll leather arm |       |       |       |    34 |    50 |       |       |       ||    84
Dodge: Dodged            |    18 |    20 |    33 |   258 |   494 |  1144 |   423 |    16 ||  2406
Block: Shield            |       |       |       |       |   114 |  1216 |   572 |    18 ||  1920

Vault maps used:
D:1:      elethiomel_arrival_shortcut
D:2:      chequers_ecumenical_altar_island, uniq_natasha
D:3:      kennysheep_generic_room_7
D:4:      uniq_ijyb
D:5:      minmay_temple_entry_purple_smoke, first_ration,
          nicolae_gozag_cash_rules_everything_around_me, uniq_duvessa
D:6:      eat_drink_and_be_merry_uskayaw, grunt_qazlal_clouds, uniq_eustachio
D:7:      lemuel_upstairs_altar, uniq_joseph
D:9:      orc_0_dummy, basic_altar, uniq_harold
D:10:     serial_shops, kennysheep_little_box
D:11:     erik_lair_island, serial_column_ruins, column_ruins_hut,
          column_ruins_hut_pillars, column_ruins_grid_1, column_ruins_grid_3,
          column_ruins_grid_2, column_ruins_corridor_straight,
          column_ruins_grid_3, portal_ice_cave_demonic_guard, grunt_livestock,
          minmay_pinched_square, uniq_nergalle
D:12:     serial_shops, shop, nicolae_shop_behind_doors, uniq_josephine,
          uniq_maurice
D:13:     gammafunk_ghost_stat_death, hangedman_decor_slide_cut,
          nicolae_dithmenos_through_a_glass_darkly, uniq_azrael, uniq_nessos
D:14:     hangedman_vaults_entry_quadrant_bands, patterned_corridor,
          enter_bailey_8
Temple:   compressed_dpeg_circular_temple
Lair:1:   fungi_pond_lemuel, beast_lair_carwin_4
Lair:2:   nicolae_volcano_entry_s_turn, grunt_megastairs_3
Lair:4:   minmay_shoals_entry_hut, minmay_snake_entry_guardpost_small
Lair:5:   uniq_rupert
Lair:6:   grunt_lair_end_beastmaster, slime_altar_2
Shoals:2: nicolae_shoals_square_sea_wall, st_cyclops, uniq_ilsuiw
Shoals:4: shoals_end_simple, lemuel_oklob_altar
Snake:1:  guppyfry_library_mini, grunt_megastairs_1, minmay_shop_star,
          lemuel_fruit_tree
Snake:2:  grunt_ministairs_4, nicolae_snake_shapes, uniq_frances
Snake:3:  gammafunk_ghost_split, basic_loot_grate_trap
Snake:4:  grunt_snake_rune_spirals, statue_in_the_mist_lemuel, uniq_asterion
Orc:2:    pubby_orc_utopia
Elf:1:    elf_arrival_001, serial_shops, nicolae_shop_overgrown_old_shop,
          shop_fountains, shop, ebering_ghost_rock_garden,
          portal_desolation_entry_nicolae_nacl, hangedman_elf_represent
Elf:2:    basic_altar
Elf:3:    minmay_elf_hall_x, serial_shops, bzr_in_the_mist,
          lightli_enter_wizlab_magi_temple, ebering_ghost_disaster_area,
          minmay_shop_grid_forest, lemuel_statue_altar, uniq_saint_roka
Vaults:1: gammafunk_vaults_ghost_fury_of_okawaru, grunt_vaults_hallway_short,
          ontoclasm_vaults_pinch, hangedman_vaults_slither,
          nicolae_vaults_specimen_jars, grunt_vaults_swirl,
          vaults_room_semicircle, vaults_room_door_hall,
          nicolae_vaults_hallways_thing, nicolae_vaults_sealed_display,
          hangedman_vaults_stretched_pinwheel, serial_shops,
          nicolae_shop_window_shopping
Vaults:2: nicolae_vaults_asterisk, ontoclasm_vaults_fault, hangedman_vaults_hat,
          vaults_dpeg_diagonal, hangedman_vaults_unwind, vaults_mumra_hex,
          nicolae_vaults_ring_of_whatevers, ontoclasm_vaults_spin, v_misc_17,
          nicolae_vaults_shelves_hall, serial_shops, shop, shop,
          nicolae_shop_temple_entry_statues_fountains, shop
Vaults:3: minmay_crypt_entry_simple_walls, v_pattern_4, st_spiral_rooms,
          vaults_room_ringed_pool, hangedman_vaults_variations,
          vaults_room_door_hall, v_rooms_6, v_misc_9, nicolae_vaults_alarming,
          nicolae_vaults_little_squares_5, vaults_room_grid, uniq_mara
Vaults:4: v_misc_30, minmay_guarded_unrand_guard_vaults, vaults_dpeg_cross,
          nicolae_vaults_puzzle_piece, nicolae_vaults_border_crossing,
          vaults_room_grid, vaults_room_door_hall,
          ontoclasm_vaults_claustrophobia, vaults_mumra_chevron_long,
          v_alt_pattern_3, v_misc_12, v_misc_30,
          nicolae_vaults_little_squares_4, nicolae_vaults_angled_halls,
          vaults_room_semicircle, uniq_sojobo
Vaults:5: serial_shops
Bailey:   bailey_polearm_1, bailey
IceCv:    ice_cave_caverns_01
Volcano:  volcano_pools
WizLab:   wizlab_golubria

Table legend:
 A = Turns spent in this place as a percentage of turns spent in the entire game.
 B = Non-inter-level travel turns spent in this place as a percentage of non-inter-level travel turns spent in the entire game.
 C = Inter-level travel turns spent in this place as a percentage of turns spent in this place.
 D = Turns resting spent in this place as a percentage of non-inter-level travel turns spent in this place.
 E = Turns spent auto-exploring this place as a percentage of non-inter-level travel turns spent in this place.
 F = Non-inter-level travel turns spent in this place divided by the number of levels of this place that you've seen.
                   A       B       C       D       E      F
               +-------+-------+-------+-------+-------+----------------------
         Total | 100.0 | 100.0 |   0.0 |   0.1 |   0.0 | 685.6
       Dungeon |  29.0 |  29.1 |   0.0 |   0.4 |   0.0 | 626.3
        Temple |   0.2 |   0.2 |   0.0 |   0.0 |   0.0 |  70.0
          Lair |  14.6 |  14.6 |   0.1 |   0.0 |   0.0 | 736.0
        Shoals |   7.8 |   7.9 |   0.0 |   0.0 |   0.0 | 592.2
     Snake Pit |  14.5 |  14.5 |   0.2 |   0.0 |   0.0 | 1093.2
  Orcish Mines |   7.0 |   7.0 |   0.0 |   0.0 |   0.0 | 1054.5
   Elven Halls |  10.3 |  10.3 |   0.0 |   0.0 |   0.0 | 1040.0
        Vaults |   4.5 |   4.5 |   0.0 |   0.0 |   0.0 | 274.0
        Bailey |   0.7 |   0.7 |   0.0 |   0.0 |   0.0 | 217.0
      Ice Cave |   4.6 |   4.6 |   0.0 |   0.0 |   0.0 | 1398.0
       Volcano |   0.8 |   0.8 |   0.0 |   0.0 |   0.0 | 245.0
        Wizlab |   2.9 |   2.9 |   0.0 |   0.0 |   0.0 | 884.0
    Desolation |   2.7 |   2.7 |   0.0 |   0.0 |   0.0 | 829.0
               +-------+-------+-------+-------+-------+----------------------

Table legend:
 A = Kills in this place as a percentage of kills in entire the game.
 B = Kills by you in this place as a percentage of kills by you in the entire game.
 C = Kills by friends in this place as a percentage of kills by friends in the entire game.
 D = Other kills in this place as a percentage of other kills in the entire game.
 E = Experience gained in this place as a percentage of experience gained in the entire game.
 F = Experience gained in this place divided by the number of levels of this place that you have seen.
                   A       B       C       D       E      F
               +-------+-------+-------+-------+-------+----------------------
         Total | 100.0 | 100.0 | 100.0 | 100.0 | 100.0 | 17243.2
       Dungeon |  23.4 |  23.8 |   0.0 |   0.0 |   7.9 | 4272.4
          Lair |   8.3 |   8.3 |   6.2 |   0.0 |   6.6 | 8307.2
        Shoals |   9.5 |   9.0 |  34.4 |   0.0 |  11.0 | 20921.2
     Snake Pit |  13.2 |  13.0 |  25.0 |   0.0 |  17.6 | 33474.0
  Orcish Mines |  10.6 |  10.8 |   0.0 |   0.0 |   3.6 | 13670.5
   Elven Halls |   9.6 |   9.6 |   3.1 |  50.0 |  18.1 | 45858.7
        Vaults |  12.2 |  11.9 |  28.1 |   0.0 |  22.1 | 33499.2
        Bailey |   1.0 |   1.0 |   0.0 |   0.0 |   0.2 | 1562.0
      Ice Cave |   3.0 |   3.0 |   0.0 |  50.0 |   1.8 | 13688.0
       Volcano |   0.4 |   0.4 |   0.0 |   0.0 |   0.4 | 3081.0
        Wizlab |   2.2 |   2.2 |   0.0 |   0.0 |   2.8 | 21212.0
    Desolation |   6.7 |   6.8 |   3.1 |   0.0 |   7.8 | 59506.0
               +-------+-------+-------+-------+-------+----------------------
